 Dungeon Crawl Stone Soup version 0.17-a0-146-gd505748 (webtiles) character file.

415 DEFE the Skirmisher (level 6, -4/56 HPs)
             Began as a Hill Orc Fighter on Mar 25, 2015.
             Was an Initiate of Okawaru.
             Slain by an iguana (11 damage)
             ... on level 4 of the Dungeon.
             The game lasted 00:06:42 (2251 turns).

DEFE the Skirmisher (Hill Orc Fighter)              Turns: 2251, Time: 00:06:42

Health: -4/56      AC:  8    Str: 21    XL:     6   Next: 92%
Magic:  4/6        EV: 10    Int:  8    God:    Okawaru [......]
Gold:   99         SH: 11    Dex: 10    Spells: 0 memorised, 5 levels left

rFire  . . .     SeeInvis .     a - +0 long sword
rCold  . . .     Clarity  .     b - +0 scale mail
rNeg   . . .     SustAb   .     c - +0 shield
rPois  .         Gourm    .     (no helmet)
rElec  .         Spirit   .     (no cloak)
rCorr  .         Warding  .     (no gloves)
rMut   .         Stasis   .     (no boots)
MR     .....                    i - amulet of regeneration
Stlth  +.........               (no ring)
                                (no ring)

@: heroism, not resistant to hostile enchantments, very unstealthy
A: no striking features
a: Renounce Religion


You were on level 4 of the Dungeon.
You worshipped Okawaru.
Okawaru was noncommittal.
You were not hungry.

You visited 1 branch of the dungeon, and saw 4 of its levels.

You collected 99 gold pieces.

Inventory:

Hand weapons
 a - a +0 long sword (weapon)
Armour
 b - a +0 scale mail (worn)
 c - a +0 shield (worn)
Jewellery
 i - an amulet of regeneration (around neck)
Scrolls
 e - a scroll of identify
 n - a scroll of enchant armour {unknown}
 o - a scroll of teleportation {unknown}
 p - a scroll of enchant weapon {unknown}
 q - 2 scrolls of magic mapping {unknown}
 r - 5 scrolls of remove curse {unknown}
 s - a scroll of noise {unknown}
Potions
 h - a potion of brilliance
 l - a potion of resistance
 t - a potion of agility
Comestibles
 d - 2 meat rations
 f - 2 fruits
 g - a chunk of flesh
 j - 6 bread rations
 k - a beef jerky
 m - a royal jelly


   Skills:
 + Level 5.3(10.3) Fighting
 * Level 5.2(10.2) Long Blades
 + Level 4.5(9.5) Armour
 + Level 4.6(9.6) Shields


You had 5 spell levels left.
You didn't know any spells.

Dungeon Overview and Level Annotations

Branches:
Dungeon (4/15)             Temple (0/1) D:4

Altars:
Okawaru

Annotations:
D:4 WhatIsLove's ghost, average DrWr


Message History

The iguana bites you.
You closely miss the iguana.
The iguana is heavily wounded.
The iguana bites you!
You hit the iguana.
The iguana is severely wounded.
The iguana bites you!
* * * LOW HITPOINT WARNING * * *
You are too injured to fight recklessly!
You are too injured to fight recklessly!
Drink which item? (? for menu, Esc to quit)
Okay, then.
Drink which item? (? for menu, Esc to quit)
Okay, then.
Use which ability? (? or * to list)
You gain the combat prowess of a mighty hero.
You feel slightly more hungry.
You can no longer gain great but temporary skills.
The iguana bites you!
You die...

#.........)#
..........## ##
#.####.#### ###
##...
#.....)######.# ...#
#####.........# .⌠.#
##.#####..###...###.
#.# #......?.....
..# ##..⌠..>..⌠...
#..# #...@........
#..# #####l..###.#
#..# .⌠.# #..# ...#
. ...# ###. .#


You could see an iguana.

Vanquished Creatures
  A phantom (D:4)
  A scorpion (D:4)
  A hound (D:4)
  2 orc wizards
  A worker ant (D:4)
  Jessica (D:2)
  4 adders
  5 worms
  4 giant geckos
  13 orcs
  A giant cockroach (D:1)
  6 goblins
  9 hobgoblins
  5 jackals
  2 quokkas
  A ball python skeleton (D:3)
  A ball python zombie (D:3)
  9 bats
  2 giant newts
  10 kobolds
  5 rats
84 creatures vanquished.

Notes
Turn   | Place    | Note
--------------------------------------------------------------
     0 | D:1      | DEFE, the Hill Orc Fighter, began the quest for the Orb.
     0 | D:1      | Reached XP level 1. HP: 19/19 MP: 1/1
   222 | D:1      | Reached XP level 2. HP: 27/27 MP: 2/2
   603 | D:2      | Reached XP level 3. HP: 33/33 MP: 3/3
   685 | D:2      | Noticed Jessica
   688 | D:2      | Killed Jessica
   688 | D:2      | Reached skill level 4 in Fighting
   688 | D:2      | Reached XP level 4. HP: 40/40 MP: 4/4
   793 | D:2      | Found an iron altar of Okawaru.
   802 | D:2      | Became a worshipper of Warmaster Okawaru
  1316 | D:3      | Reached XP level 5. HP: 34/47 MP: 5/5
  1787 | D:4      | Noticed a phantom
  1832 | D:4      | Killed a phantom
  1832 | D:4      | Acquired Okawaru's first power
  1832 | D:4      | Reached XP level 6. HP: 26/55 MP: 6/6
  1895 | D:4      | Reached skill level 5 in Fighting
  1905 | D:4      | Reached skill level 5 in Long Blades
  1927 | D:4      | Noticed a phantom
  1966 | D:4      | Noticed WhatIsLove's ghost (average DrWr)
  2232 | D:4      | Found a staircase to the Ecumenical Temple.
  2251 | D:4      | Slain by an iguana

Action                   |  1- 3 |  4- 6 || total
-------------------------+-------+-------++-------
Melee: Long sword        |    77 |   296 ||   373
Invok: Heroism           |       |     3 ||     3
  Use: Scroll            |       |     3 ||     3
       Potion            |       |     3 ||     3
  Eat: Chunk             |       |     7 ||     7
